 Dungeon Sprint DCSS version 0.24.0-28-g17ded55e90 (webtiles) character file.

Game seed: 4844997475291205971, levelgen mode: deterministic

1059 PentaManta the Unseen (level 8, -15/55 HPs)
             Began as a Spriggan Assassin on Nov 13, 2019.
             Was a Believer of Uskayaw.
             Demolished by a red devil
             ... wielding a +4 demon trident of pain
             ... summoned by a kobold demonologist
              (18 damage)
             ... in the Dungeon (Sprint III: "The Ten Rune Challenge").
             The game lasted 00:04:46 (1361 turns).

PentaManta the Unseen (Spriggan Assassin)           Turns: 1361, Time: 00:04:46

Health: -15/55     AC:  3    Str: 12    XL:     8   Next: 6%
Magic:  9/9        EV: 31    Int: 13    God:    Uskayaw [**....]
Gold:   32         SH:  0    Dex: 19    Spells: 7/7 levels left

rFire    . . .     SeeInvis +   a - +2 dagger
rCold    . . .     Gourm    .   (shield restricted)
rNeg     . . .     Faith    .   b - +0 robe
rPois    .         Spirit   .   (helmet restricted)
rElec    .         Reflect  .   c - +0 cloak
rCorr    .         Harm     .   (gloves unavailable)
MR       +....     NoTele   +   (boots unavailable)
Stlth    ..........             (no amulet)
HPRegen  0.18/turn              (no ring)
MPRegen  0.11/turn              (no ring)

@: berserking (expiring), heavily drained, very quick
A: very small, unfitting armour, see invisible, herbivore, speed 3, slow
metabolism 2
a: Stomp, Line Pass, Renounce Religion


You were in the Dungeon.
You worshipped Uskayaw.
Uskayaw was noncommittal.
You were not hungry.

You visited 1 branch You collected 32 gold pieces.

Inventory:

Hand Weapons
 a - a +2 dagger (weapon)
Missiles
 d - 8 poisoned darts (quivered)
Armour
 b - a +0 robe (worn)
 c - a +0 cloak (worn)
Scrolls
 l - a scroll of blinking
 n - 4 scrolls of torment {unknown}
 o - 3 scrolls of identify
 p - a scroll of fear {unknown}
 r - a scroll of remove curse {unknown}
Potions
 g - 2 potions of curing
 h - a potion of heal wounds
 i - a potion of haste
 j - 2 potions of magic
 k - a potion of berserk rage
 m - a potion of might
 q - 3 potions of flight
 s - 4 potions of mutation
Miscellaneous
 t - a lamp of fire
Comestibles
 f - 5 rations


   Skills:
 - Level 1.5(0.0) Fighting
 - Level 2.1(0.0) Short Blades
 - Level 2.0(0.0) Throwing
 + Level 16.5(13.4) Dodging
 + Level 18.4(15.1) Stealth


You had 7 spell levels left.
You didn't know any spells.
Your spell library was empty.

Dungeon Overview and Level Annotations

Branches:
Dungeon (1/1)

Altars:
Cheibriados
Dithmenos
Elyvilon
Fedhas
Gozag
Hepliaklqana
Makhleb
Nemelex Xobeh
Okawaru
Qazlal
Ru
Trog
Uskayaw
Wu Jian
Xom
Yredelemnul
Zin
The Shining One
Beogh
Jiyva
Lugonu

Annotations:
D Josephine


Innate Abilities, Weirdness & Mutations

You are very small and have problems with some larger weapons.
You are too small for most types of armour.
You have supernaturally acute eyesight. (SInv)
You are a herbivore.
You cover ground extremely quickly.
You need to consume almost no food.


Message History

The ufetubus completely misses you.
You puncture Josephine!
Josephine is heavily wounded.
The ufetubus completely misses you. The ufetubus closely misses you.
Josephine completely misses you.
You barely miss Josephine.
Josephine is heavily wounded.
The ufetubus disappears in a puff of smoke!
Josephine completely misses you.
You closely miss Josephine.
Josephine is heavily wounded.
The kobold demonologist looks braver for a moment.
You completely miss Josephine.
Josephine is heavily wounded.
The red devil barely misses you. Josephine barely misses you.
The kobold demonologist closely misses you.
You barely miss Josephine.
Josephine is heavily wounded.
The red devil hits you from afar with a +4 demon trident of pain!!
You die...

▓▓▓ ♣♣ ♣.############ .♣
♣.#___#___#__# ♣♣
♣.#)..#__)#._# ♣♣♣
♣.###'#'###'##
♣.♣♣♣.#.......(4p#
≈♣♣.....⌠.....5@K#
≈≈≈♣..#...######@#
≈≈)...#.⌠.#_v#...#+#####
≈.....#...#__#...#..§§§+
......#+###__#..v#.#§§§
......# #__#...'.#@§§
......# #__'...#.#§§§#
▓▓▓▓▓▓▓ ▓▓▓▓▓▓▓▓▓▓▓▓▓▓


You could see Josephine, a spatial vortex, a wizard, a kobold demonologist, a
red devil and a white imp.

Vanquished Creatures
  A deep elf mage (D)
  A shadow (D)
  A necrophage (D)
  A water elemental (D)
  Crazy Yiuf (D)
  A jelly (D)
  A necromancer (D)
  3 humans (D)
  An ooze (D)
  3 rats (D)
14 creatures vanquished.

Vanquished Creatures (others)
  2 draconian scorchers (D)
  6 hellions (D)
  A yaktaur (D)
9 creatures vanquished.

Grand Total: 23 creatures vanquished

Notes
Turn   | Place    | Note
-------+----------+-------------------------------------------
     0 | D        | PentaManta the Spriggan Assassin began the quest for the
                  | Orb.
     0 | D        | Reached XP level 1. HP: 10/10 MP: 2/2
     6 | D        | Reached skill level 6 in Stealth
    15 | D        | Reached skill level 7 in Stealth
    74 | D        | Killed a yaktaur
    82 | D        | Killed a hellion
    82 | D        | Killed a hellion
   122 | D        | Killed a hellion
   122 | D        | Killed a hellion
   155 | D        | Killed a hellion
   164 | D        | Killed a white draconian scorcher
   165 | D        | Killed a white draconian scorcher
   357 | D        | Reached skill level 5 in Dodging
   357 | D        | Reached skill level 8 in Stealth
   357 | D        | Reached XP level 2. HP: 14/14 MP: 3/3
   358 | D        | Noticed Crazy Yiuf
   370 | D        | Killed Crazy Yiuf
   370 | D        | Reached skill level 9 in Stealth
   370 | D        | Reached XP level 3. HP: 18/18 MP: 4/4
   515 | D        | Killed a hellion
   571 | D        | Noticed a water elemental
   574 | D        | Killed a water elemental
   574 | D        | Reached skill level 11 in Stealth
   574 | D        | Reached XP level 4. HP: 22/22 MP: 5/5
   579 | D        | Found a glowing silver altar of Zin.
   579 | D        | Found a glowing golden altar of the Shining One.
   579 | D        | Found a white marble altar of Elyvilon.
   580 | D        | Noticed a deep elf mage
   582 | D        | Killed a deep elf mage
   582 | D        | Reached skill level 16 in Stealth
   582 | D        | Reached XP level 5. HP: 25/25 MP: 6/6
   582 | D        | Reached XP level 6. HP: 30/30 MP: 7/7
   589 | D        | Found a hide-covered altar of Uskayaw.
   589 | D        | Found a roughly hewn altar of Beogh.
   589 | D        | Found an iron altar of Okawaru.
   589 | D        | Found a bloodstained altar of Trog.
   589 | D        | Found an ornate altar of the Wu Jian Council.
   589 | D        | Noticed a human
   589 | D        | Noticed a human
   592 | D        | Killed a human
   592 | D        | Reached skill level 15 in Dodging
   592 | D        | Reached XP level 7. HP: 33/33 MP: 8/8
   593 | D        | Killed a human
   593 | D        | Reached skill level 17 in Stealth
   602 | D        | Became a worshipper of Uskayaw the Reveler
   607 | D        | Found a basalt altar of Yredelemnul.
   607 | D        | Found a shadowy altar of Dithmenos.
   607 | D        | Found a sacrificial altar of Ru.
   609 | D        | Reached * piety under Uskayaw
   610 | D        | Reached ** piety under Uskayaw
   617 | D        | Noticed a shadow
   619 | D        | Killed a shadow
   619 | D        | Reached skill level 18 in Stealth
   619 | D        | Reached XP level 8. HP: 37/37 MP: 9/9
  1049 | D        | Found a blossoming altar of Fedhas.
  1049 | D        | Found a stormy altar of Qazlal.
  1049 | D        | Found a snail-covered altar of Cheibriados.
  1049 | D        | Found a burning altar of Makhleb.
  1049 | D        | Found a shimmering altar of Xom.
  1050 | D        | Found a hazy altar of Hepliaklqana.
  1050 | D        | Found an opulent altar of Gozag.
  1050 | D        | Found a sparkling altar of Nemelex Xobeh.
  1050 | D        | Found a corrupted altar of Lugonu.
  1050 | D        | Found a viscous altar of Jiyva.
  1173 | D        | Noticed Josephine
  1348 | D        | HP: 1/55 [Josephine/ghostly fireball (41)]
  1356 | D        | Noticed a red devil
  1361 | D        | Demolished by a red devil

Levels and vault maps discovered:
D:        dungeon_sprint_mu [sprint_mu_entry_forest, sprint_mu_temple_rooms,
          sprint_mu_d1_horrors, sprint_mu_d2_genie, sprint_mu_d3_branching,
          sprint_mu_orc_legion, sprint_mu_elf_gauntlet, sprint_mu_hive_nellie,
          sprint_mu_lair_fedhas, sprint_mu_vaults_butterflies,
          sprint_mu_slime_circle, sprint_mu_swamp_cave, sprint_mu_snake_twists,
          sprint_mu_blade_basic, sprint_mu_crypt_chambers,
          sprint_mu_tomb_spiral, sprint_mu_vestibule_basic,
          sprint_mu_gehenna_hellfire, sprint_mu_dis_giant,
          sprint_mu_tartarus_statrot, sprint_mu_cocytus_islands, sprint_mu_zot1]

Skill      XL: |  1  2  3  4  5  6  7 |
---------------+----------------------+-----
Dodging        | 5 7 9 14 15 16 | 16.5
Stealth        | 8 9 11 16 18 | 18.4
Fighting       | |  1.5
Short Blades   | |  2.1
Throwing       | |  2.0

Action                   |  1- 3 |  4- 6 |  7- 9 || total
-------------------------+-------+-------+-------++-------
Melee: Dagger            |    19 |     2 |    38 ||    59
Throw: Dart              |     2 |       |     5 ||     7
  Use: Potion            |     1 |       |     2 ||     3
 Stab: Sleeping          |     3 |     2 |     4 ||     9
Armor: Robe              |       |       |     2 ||     2
Dodge: Dodged            |     7 |       |    58 ||    65
